PL
WIZARDING EXPRESS @ AUSTIN RANGERS
07/20/2027
 
TOP OF THE 1ST
Wizarding Express batting - Pitching for Austin Rangers : RHP Juan Valéncia
Pitching: RHP Juan Valéncia
Batting: RHB António Martínez 0-0: Called Strike
0-1: Ball
1-1: Ball
2-1: SINGLE (Line Drive, 6MD)
Batting: RHB Rafael Arredondo 0-0: Called Strike
0-1: Foul Ball, location: 2F
0-2: Foul Ball, location: 2F
0-2: Grounds into double play, 5-4-3 (Groundball, 56)
Batting: LHB José Corona 0-0: Called Strike
0-1: Ball
1-1: Fly out, F6 (Popup, 6MD)
Top of the 1st over - 0 run(s), 1 hit(s), 0 error(s), 0 left on base; Wizarding 0 - Austin 0
BOTTOM OF THE 1ST
Austin Rangers batting - Pitching for Wizarding Express : LHP Javier Roldán
Pitching: LHP Javier Roldán
Batting: RHB Miguel Morán 0-0: Swinging Strike
0-1: Called Strike
0-2: Ground out 3-1 (Groundball, 34)
Batting: SHB Xavier Vásquez 0-0: Ball
1-0: Hit by Pitch
Batting: RHB Rodney Hanna 0-0: Ball
1-0: Ball
2-0: Called Strike
2-1: Foul Ball, location: 2F
2-2: Ball
3-2: Base on Balls
Xavier Vásquez to second
Batting: LHB Jesús Reyes 0-0: Fly out, F9 (Flyball, 9LMF)
Runner from 2nd tags up, SAFE at 3rd with throw
Batting: RHB Jeff Green 0-0: Ball
1-0: Foul Ball, location: 2F
1-1: Ball
2-1: 3-RUN HOME RUN (Flyball, 7D), Distance : 389 ft
Batting: LHB Héctor Cortéz 0-0: Ball
1-0: Fly out, F7 (Line Drive, 7)
Bottom of the 1st over - 3 run(s), 1 hit(s), 0 error(s), 0 left on base; Wizarding 0 - Austin 3
TOP OF THE 2ND
Wizarding Express batting - Pitching for Austin Rangers : RHP Juan Valéncia
Batting: LHB Nathan Tanner 0-0: SOLO HOME RUN (Flyball, 8RXD), Distance : 454 ft
Batting: LHB John Brewer 0-0: Ball
1-0: Fly out, F8 (Flyball, 8LXD)
Batting: SHB Salvador Trevino 0-0: Foul Ball, location: 2F
0-1: Ball
1-1: Foul Ball, location: 2F
1-2: Strikes out swinging
Batting: LHB Kyung-chor Pang 0-0: Ball
1-0: Ball
2-0: Ground out 3-1 (Groundball, 34)
Top of the 2nd over - 1 run(s), 1 hit(s), 0 error(s), 0 left on base; Wizarding 1 - Austin 3
BOTTOM OF THE 2ND
Austin Rangers batting - Pitching for Wizarding Express : LHP Javier Roldán
Batting: RHB Tony Hernández 0-0: Ground out 5-3 (Groundball, 56)
Batting: RHB Matt Sheppard 0-0: SOLO HOME RUN (Flyball, 78XD), Distance : 400 ft
Batting: RHB José Muńóz 0-0: Ball
1-0: Foul Ball, location: 2F
1-1: SINGLE (Groundball, 56D)
Batting: RHB Miguel Morán 0-0: Ball
1-0: Ball
2-0: Swinging Strike
2-1: Swinging Strike
2-2: Strikes out looking
Batting: SHB Xavier Vásquez 0-0: Called Strike
0-1: Ground out 5-3 (Groundball, 5S)
Bottom of the 2nd over - 1 run(s), 2 hit(s), 0 error(s), 1 left on base; Wizarding 1 - Austin 4
TOP OF THE 3RD
Wizarding Express batting - Pitching for Austin Rangers : RHP Juan Valéncia
Batting: RHB Turner Coleman 0-0: Called Strike
0-1: Foul Ball, location: 2F
0-2: Foul Ball, location: 2F
0-2: Ball
1-2: Ground out 1-3 (Groundball, 13)
Batting: SHB Emílio Gonzáles 0-0: Ground out 6-3 (Groundball, 6)
Batting: RHB António Martínez 0-0: Called Strike
0-1: SINGLE (Groundball, 56D)
Batting: RHB Rafael Arredondo 0-0: Called Strike
0-1: Ball
1-1: Ball
2-1: Called Strike
2-2: DOUBLE (Flyball, 78M)
António Martínez to third
António Martínez scores
Batting: LHB José Corona 0-0: Foul Ball, location: 2F
0-1: Ball
1-1: Swinging Strike
1-2: DOUBLE (Line Drive, 5D)
Rafael Arredondo scores
Batting: LHB Nathan Tanner 0-0: Ball
1-0: Ball
2-0: DOUBLE (Line Drive, 89XD)
José Corona scores
Batting: LHB John Brewer 0-0: Called Strike
0-1: Foul Ball, location: 2F
0-2: Ball
1-2: Ball
2-2: Strikes out swinging
Top of the 3rd over - 3 run(s), 4 hit(s), 0 error(s), 1 left on base; Wizarding 4 - Austin 4
BOTTOM OF THE 3RD
Austin Rangers batting - Pitching for Wizarding Express : LHP Javier Roldán
Batting: RHB Rodney Hanna 0-0: Fly out, F9 (Flyball, 9)
Batting: LHB Jesús Reyes 0-0: Ball
1-0: Called Strike
1-1: Ball
2-1: Called Strike
2-2: Fly out, F9 (Flyball, 89S)
Batting: RHB Jeff Green 0-0: Called Strike
0-1: Ball
1-1: Foul Ball, location: 2F
1-2: Ball
2-2: Ball
3-2: SOLO HOME RUN (Line Drive, 8LXD), Distance : 422 ft
Batting: LHB Héctor Cortéz 0-0: Called Strike
0-1: Called Strike
0-2: Strikes out looking
Bottom of the 3rd over - 1 run(s), 1 hit(s), 0 error(s), 0 left on base; Wizarding 4 - Austin 5
TOP OF THE 4TH
Wizarding Express batting - Pitching for Austin Rangers : RHP Juan Valéncia
Batting: SHB Salvador Trevino 0-0: Ground out 6-3 (Groundball, 6M)
Batting: LHB Kyung-chor Pang 0-0: Bunt for hit - play at first, batter OUT! 1-3
Batting: RHB Turner Coleman 0-0: Ball
1-0: SINGLE (Groundball, 6MD)
Batting: SHB Emílio Gonzáles 0-0: Ball
1-0: Swinging Strike
1-1: Ball
2-1: Called Strike
2-2: Strikes out swinging
Top of the 4th over - 0 run(s), 1 hit(s), 0 error(s), 1 left on base; Wizarding 4 - Austin 5
BOTTOM OF THE 4TH
Austin Rangers batting - Pitching for Wizarding Express : LHP Javier Roldán
Batting: RHB Tony Hernández 0-0: Called Strike
0-1: Bunt for hit - play at first, batter safe!
Batting: RHB Matt Sheppard 0-0: Ball
1-0: Foul Ball, location: 2F
1-1: Ball
2-1: Fly out, F6 (Popup, 6D)
Batting: RHB José Muńóz 0-0: Called Strike
Throwing error on steal attempt, E2
Tony Hernández to third
0-1: Swinging Strike
0-2: Foul Ball, location: 2F
0-2: Hit by Pitch
Batting: RHB Miguel Morán 0-0: Ball
1-0: Called Strike
1-1: SINGLE (Line Drive, 78S)
Tony Hernández scores
José Muńóz to second
Batting: SHB Xavier Vásquez 0-0: Ball
1-0: Called Strike
1-1: Foul Ball, location: 2F
1-2: Ground out 5-3 (Groundball, 56S)
José Muńóz to third
Miguel Morán to second
Batting: RHB Rodney Hanna 0-0: Ball
1-0: Ground out U3 (Groundball, 34)
Bottom of the 4th over - 1 run(s), 2 hit(s), 1 error(s), 2 left on base; Wizarding 4 - Austin 6
TOP OF THE 5TH
Wizarding Express batting - Pitching for Austin Rangers : RHP Juan Valéncia
Batting: RHB António Martínez 0-0: Ball
1-0: Called Strike
1-1: SOLO HOME RUN (Flyball, 7D), Distance : 418 ft
Pitching: LHP Ernest Torres
Batting: RHB Rafael Arredondo 0-0: Swinging Strike
0-1: Ball
1-1: Foul Ball, location: 2F
1-2: Fly out, F8 (Flyball, 78XD)
Batting: LHB José Corona 0-0: Ball
1-0: Ball
2-0: Called Strike
2-1: Ball
3-1: Called Strike
3-2: DOUBLE (Line Drive, 78D)
Batting: LHB Nathan Tanner 0-0: Ball
1-0: Foul Ball, location: 2F
1-1: Ball
2-1: Ball
3-1: Fly out, F8 (Flyball, 8LM)
Batting: LHB John Brewer 0-0: Called Strike
0-1: Ground out 4-3 (Groundball, 4)
Top of the 5th over - 1 run(s), 2 hit(s), 0 error(s), 1 left on base; Wizarding 5 - Austin 6
BOTTOM OF THE 5TH
Austin Rangers batting - Pitching for Wizarding Express : LHP Javier Roldán
Pitching: RHP Francis Cahill
Batting: LHB Jesús Reyes 0-0: Foul Ball, location: 2F
0-1: Ball
1-1: Fly out, F8 (Flyball, 89M)
Batting: RHB Jeff Green 0-0: Called Strike
0-1: Ball
1-1: Foul Ball, location: 2F
1-2: Ball
2-2: Ball
3-2: Base on Balls
Batting: LHB Héctor Cortéz 0-0: Ball
1-0: Ball
Wild Pitch!
Jeff Green to second
2-0: Called Strike
2-1: Ball
3-1: 2-RUN HOME RUN (Flyball, 89XD), Distance : 418 ft
Batting: RHB Tony Hernández 0-0: Ball
1-0: Called Strike
1-1: Ground out 3-1 (Groundball, 34)
Batting: RHB Matt Sheppard 0-0: Ball
1-0: Ball
2-0: Swinging Strike
2-1: Called Strike
2-2: Strikes out swinging
Bottom of the 5th over - 2 run(s), 1 hit(s), 0 error(s), 0 left on base; Wizarding 5 - Austin 8
TOP OF THE 6TH
Wizarding Express batting - Pitching for Austin Rangers : LHP Ernest Torres
Batting: SHB Salvador Trevino 0-0: Ball
1-0: Called Strike
1-1: Foul Ball, location: 2F
1-2: SINGLE (Line Drive, 7LS)
Batting: LHB Kyung-chor Pang 0-0: Ball
1-0: Called Strike
1-1: Sac Bunt - play at first, batter OUT! 1-3
Salvador Trevino to second
Batting: RHB Turner Coleman 0-0: Called Strike
0-1: Ball
1-1: Called Strike
1-2: Strikes out swinging
Batting: SHB Emílio Gonzáles 0-0: Ball
1-0: Called Strike
1-1: Ball
2-1: Ball
3-1: SINGLE (Groundball, 3D)
Salvador Trevino to third
Runner from 3rd tries for Home, SAFE, no throw
Batting: RHB António Martínez 0-0: Called Strike
0-1: Called Strike
0-2: Fielders Choice at 2nd, 5-4 (Groundball, 56)
Top of the 6th over - 1 run(s), 2 hit(s), 0 error(s), 0 left on base; Wizarding 6 - Austin 8
BOTTOM OF THE 6TH
Austin Rangers batting - Pitching for Wizarding Express : RHP Francis Cahill
Pitching: LHP Ming-jiang Wu
Batting: RHB José Muńóz 0-0: Called Strike
0-1: Ball
1-1: Ball
2-1: SOLO HOME RUN (Flyball, 78XD), Distance : 407 ft
Batting: RHB Miguel Morán 0-0: Called Strike
0-1: Ball
1-1: Ball
2-1: Foul Ball, location: 2F
2-2: Ball
3-2: Foul Ball, location: 2F
3-2: SINGLE (Flyball, 89S)
Batting: SHB Xavier Vásquez 0-0: Called Strike
0-1: Ball
1-1: Swinging Strike
1-2: Strikes out swinging
Batting: RHB Rodney Hanna 0-0: Ball
Miguel Morán steals 2nd base
1-0: Fly out, F9 (Flyball, 89M)
Batting: LHB Jesús Reyes 0-0: SINGLE (Groundball, 3D)
Miguel Morán to third
Throwing error, E9
Miguel Morán scores
Jesús Reyes to second
Pitching: RHP Frank Morse
Batting: RHB Jeff Green 0-0: Ball
1-0: Ball
2-0: Called Strike
2-1: Ball
3-1: Base on Balls
Batting: LHB Héctor Cortéz 0-0: Ball
1-0: 3-RUN HOME RUN (Flyball, 9D), Distance : 408 ft
Batting: RHB Tony Hernández 0-0: Ball
1-0: Fly out, F7 (Flyball, 7)
Bottom of the 6th over - 5 run(s), 4 hit(s), 1 error(s), 0 left on base; Wizarding 6 - Austin 13
TOP OF THE 7TH
Wizarding Express batting - Pitching for Austin Rangers : LHP Ernest Torres
Batting: RHB Rafael Arredondo 0-0: Ball
1-0: Foul Ball, location: 2F
1-1: SINGLE (Groundball, 34D)
Batting: LHB José Corona 0-0: Ball
1-0: Ball
2-0: Ball
3-0: Called Strike
3-1: Fly out, F8 (Line Drive, 8RM)
Batting: LHB Nathan Tanner 0-0: Ball
1-0: Called Strike
1-1: Ball
2-1: Ball
3-1: Base on Balls
Rafael Arredondo to second
Batting: LHB John Brewer 0-0: Called Strike
0-1: Called Strike
0-2: Ball
1-2: Foul Ball, location: 2F
1-2: SINGLE (Line Drive, 89S)
Rafael Arredondo to third
Nathan Tanner to second
Runner from 3rd tries for Home, SAFE, no throw
Batting: SHB Salvador Trevino 0-0: Ball
Nathan Tanner steals 3rd base
John Brewer to second
1-0: SINGLE (Line Drive, 7S)
Nathan Tanner scores
John Brewer to third
Runner from 3rd tries for Home, SAFE, throw made home
Pitching: RHP Shawn Williams
Batting: LHB Kyung-chor Pang 0-0: Swinging Strike
0-1: Called Strike
0-2: Ball
1-2: Strikes out swinging
Batting: RHB Turner Coleman 0-0: Called Strike
0-1: 2-RUN HOME RUN (Line Drive, 78XD), Distance : 402 ft
Batting: SHB Emílio Gonzáles 0-0: Ball
1-0: Foul Ball, location: 2F
1-1: Ball
2-1: Ball
3-1: Swinging Strike
3-2: Strikes out swinging
Top of the 7th over - 5 run(s), 4 hit(s), 0 error(s), 0 left on base; Wizarding 11 - Austin 13
BOTTOM OF THE 7TH
Austin Rangers batting - Pitching for Wizarding Express : RHP Frank Morse
Pitching: RHP Juan Cantú
Batting: RHB Matt Sheppard 0-0: Called Strike
0-1: Fly out, F8 (Flyball, 89D)
Batting: RHB José Muńóz 0-0: Foul Ball, location: 2F
0-1: Ground out 6-3 (Groundball, 6)
Batting: RHB Miguel Morán 0-0: Ball
1-0: Ball
2-0: Foul Ball, location: 2F
2-1: SINGLE (Groundball, 6S) (infield hit)
Batting: SHB Xavier Vásquez 0-0: Ball
1-0: Fly out, F9 (Line Drive, 89M)
Bottom of the 7th over - 0 run(s), 1 hit(s), 0 error(s), 1 left on base; Wizarding 11 - Austin 13
TOP OF THE 8TH
Wizarding Express batting - Pitching for Austin Rangers : RHP Shawn Williams
Batting: RHB António Martínez 0-0: Swinging Strike
0-1: Ground out 5-3 (Groundball, 56S)
Batting: RHB Rafael Arredondo 0-0: Fly out, F6 (Popup, 56D)
Batting: LHB José Corona 0-0: Ball
1-0: Ground out 6-3 (Groundball, 6M)
Top of the 8th over - 0 run(s), 0 hit(s), 0 error(s), 0 left on base; Wizarding 11 - Austin 13
BOTTOM OF THE 8TH
Austin Rangers batting - Pitching for Wizarding Express : RHP Juan Cantú
Batting: RHB Rodney Hanna 0-0: Called Strike
0-1: Foul Ball, location: 2F
0-2: Strikes out swinging
Batting: LHB Jesús Reyes 0-0: Called Strike
0-1: Ground out 4-3 (Groundball, 4)
Batting: RHB Jeff Green 0-0: Fly out, F5 (Popup, 56S)
Bottom of the 8th over - 0 run(s), 0 hit(s), 0 error(s), 0 left on base; Wizarding 11 - Austin 13
TOP OF THE 9TH
Wizarding Express batting - Pitching for Austin Rangers : RHP Shawn Williams
Pitching: RHP Gavin Blackburn
Batting: LHB Nathan Tanner 0-0: Called Strike
0-1: Ball
1-1: Foul Ball, location: 2F
1-2: Ball
2-2: Ball
3-2: Strikes out swinging
Batting: LHB John Brewer 0-0: Ball
1-0: DOUBLE (Flyball, 8LXD)
Batting: SHB Salvador Trevino 0-0: Swinging Strike
0-1: Foul Ball, location: 2F
0-2: Foul Ball, location: 2F
0-2: Ground out U3 (Groundball, 3L)
John Brewer to third
Batting: LHB Kyung-chor Pang 0-0: Called Strike
0-1: Ball
1-1: Ball
2-1: Foul Ball, location: 2F
2-2: Ball
3-2: Base on Balls
Pinch Hitting: LHB Ken Watanabe 0-0: Ball
1-0: Foul Ball, location: 2F
1-1: Swinging Strike
1-2: Foul Ball, location: 2F
1-2: Strikes out swinging
Top of the 9th over - 0 run(s), 1 hit(s), 0 error(s), 2 left on base; Wizarding 11 - Austin 13
Saturday, May 26th, 2018 - OOTP Baseball 17.12 Build 75